 Dungeon Crawl Stone Soup version 0.31.0-11-ge490571c62 (webtiles) character file.

Game seed: 13320291102985238522

118 Bnni the Trooper (level 5, -1/43 HPs)
             Began as a Formicid Fighter on Feb 8, 2024.
             Slain by an orc warrior
             ... wielding a +0 glaive
              (19 damage)
             ... on level 3 of the Dungeon.
             The game lasted 00:03:07 (2210 turns).

Bnni the Trooper (Formicid Fighter)                 Turns: 2210, Time: 00:03:08

Health: -1/43      AC: 11    Str: 23    XL:     5   Next: 23%
Magic:  5/5        EV:  9    Int:  7    God:
Gold:   162        SH:  5    Dex: 13    Spells: 4/4 levels left

rFire   . . .        i - +3 dagger (venom)
rCold   . . .        c - +0 buckler
rNeg    . . .        b - +0 scale mail
rPois   .            (helmet unavailable)
rElec   .            (no cloak)
rCorr   +            r - +2 pair of gloves
SInv    +            t - +0 pair of boots
Will    .....        k - amulet of the acrobat Stlth
                     o - ring of resist corrosion
HPRegen 0.27/turn    (no ring)
MPRegen 0.09/turn

%: acrobat
@: mighty
A: permanent stasis, dig shafts and tunnels, antennae 3, four strong arms
a: Dig, Shaft Self


You were on level 3 of the Dungeon.
You visited 1 branch of the dungeon, and saw 3 of its levels.

You collected 162 gold pieces.

Inventory:

Hand Weapons
 a - a +0 quarterstaff
 i - a +3 dagger of venom (weapon)
Armour
 b - a +0 scale mail (worn)
 c - a +0 buckler (worn)
 r - a +2 pair of gloves (worn)
 t - a +0 pair of boots (worn)
Jewellery
 k - an amulet of the acrobat (around neck)
 o - a ring of resist corrosion (left hand)
Wands
 m - a wand of polymorph (10)
Scrolls
 e - a scroll of revelation {unknown}
 f - 2 scrolls of identify {unknown}
 h - 2 scrolls of amnesia {unknown}
 l - a scroll of enchant armour {unknown}
 p - a scroll of enchant weapon {unknown}
 q - a scroll of fog {unknown}
Potions
 g - 2 potions of attraction {unknown}
 j - a potion of mutation {unknown}
 n - a potion of ambrosia {unknown}
 s - a potion of enlightenment {unknown}


   Skills:
 + Level 4.4 Fighting
 * Level 4.2 Staves
 - Level 3.2 Armour
 - Level 4.0 Shields


You had 4 spell levels left.
You didn't know any spells.
Your spell library contained the following spells:

 Spells                   Type           Power      Damage    Failure   Level
 Sting                    Conj/Alch      0%         1d3       80%         1
 Mercury Vapours          Alch/Air       0%         N/A       91%         2
 Scorch                   Fire           0%         2d5       91%         2
 Flame Wave               Conj/Fire      0%         2d4       100%        4
 Olgreb's Toxic Radiance  Alch           0%         N/A       100%        4
 Summon Forest            Summ/Tloc      0%         N/A       100%        5
 Summon Mana Viper        Hex/Summ       0%         N/A       100%        5
 Summon Cactus Giant      Summ           0%         N/A       100%        6


Dungeon Overview and Level Annotations

Branches:
Dungeon (3/15)

Altars:
Ashenzari


Innate Abilities, Weirdness & Mutations

You cannot be hasted, slowed, berserked, paralysed or teleported.
You can dig through walls and to a lower floor.
You have a pair of large antennae on your head. (SInv)
Your four strong arms can wield two-handed weapons with a shield.


Message History

You pick up a Young Poisoner's Handbook and begin reading...
You add the spells Sting, Mercury Vapours and Olgreb's Toxic Radiance to your library.
You see here 3 stones.
Found a spear.
You sense a monster nearby.
No target in view!
You sense a monster nearby.
No target in view!
No target in view!
No target in view!
You sense a monster nearby.
No target in view!
An orc warrior and an orc come into view.
The orc warrior shouts!
The orc shouts!
You hear a shout! x4
You hit the orc.
The orc is poisoned.
The orc is moderately wounded.
You block the orc's attack.
You barely miss the orc.
The orc is moderately wounded.
The orc warrior hits you from afar with a +0 glaive.
An orc comes into view. It is wielding a +0 club.
The orc closely misses you.
Unknown command.
No target in view!
You feel a bit more experienced.
You closely miss the orc warrior.
Okay, then.
You hit the orc warrior but do no damage.
The orc warrior is poisoned.
The orc warrior hits you with a +0 glaive! x2
The orc completely misses you.
Unknown command.
Okay, then.
You feel very mighty all of a sudden. The orc warrior closely misses you.
The orc hits you with a +0 club.
Unknown command.
You hit the orc warrior.
The orc warrior is lightly wounded.
The orc warrior hits you with a +0 glaive!!
You die...

#.#.......#.#.#
#.#.......#)#.#
#.#########.#.#######
#....................
###.#.....###.#######
#.###.#####.####..,
#.# #.##.......#{#
#.# #.##.##.##.#.# {
#.# #.##.##.##@#.#
#.# #.##......oo.# {
#.# #.##.##.##.###
... ... ...##.#
#.##.......# #.
###### #


You could see an orc warrior (very poisoned) and an orc.

Vanquished Creatures
  A bombardier beetle (D:2)
  3 adders
  2 dart slugs (D:2)
  An orc (D:3)
  9 ball pythons
  5 endoplasms
  2 giant cockroaches (D:3)
  6 goblins
  3 hobgoblins
  A quokka (D:2)
  6 bats
  4 frilled lizards
  2 kobolds (D:1)
  6 rats
51 creatures vanquished.

Notes
Turn   | Place    | Note
-------+----------+-------------------------------------------
     0 | D:1      | Bnni the Formicid Fighter began the quest for the Orb.
     0 | D:1      | Reached XP level 1. HP: 18/18 MP: 1/1
   167 | D:1      | Found a faded altar of an unknown god.
   333 | D:1      | Reached XP level 2. HP: 24/24 MP: 2/2
   466 | D:1      | Reached XP level 3. HP: 28/30 MP: 3/3
  1070 | D:2      | Reached XP level 4. HP: 37/37 MP: 4/4
  1758 | D:2      | Reached XP level 5. HP: 42/42 MP: 5/5
  2159 | D:3      | Found a broken altar of Ashenzari.
  2201 | D:3      | Noticed an orc warrior
  2210 | D:3      | Slain by an orc warrior

Illustrated notes

Levels and vault maps discovered:
D:1:      dpeg_arrival_leaves_temple_mockup, layout_basic,
          basic_ecumenical_altar, minivault_5
D:2:      layout_basic
D:3:      layout_loops_ring, lemuel_tele_altar, grunt_ministairs_6,
          kennysheep_generic_room_6

Skill      XL: |  1  2  3  4 |
---------------+-------------+-----
Staves         | 3 4 |  4.2
Fighting       | 4 |  4.4
Armour         | |  3.2
Shields        | |  4.0

Action                     |  1- 3 |  4- 6 || total
---------------------------+-------+-------++-------
  Melee: Quarterstaff      |    19 |       ||    19
         Dagger            |    58 |    65 ||   123
    Use: Potion            |       |     1 ||     1
 Armour: Scale mail        |    50 |    33 ||    83
  Dodge: Dodged            |    40 |    33 ||    73
  Block: Buckler           |    15 |    14 ||    29
